 Dungeon Crawl Stone Soup version 0.21-a0-414-gba8bdf1 (webtiles) character file.

263 karf the Shield-Bearer (level 6, 0/49 HPs)
             Began as a Formicid Fighter on Nov 2, 2017.
             Was a Follower of Dithmenos.
             Killed from afar by an orc wizard (4 damage)
             ... with a puff of frost
             ... on level 4 of the Dungeon.
             The game lasted 00:06:40 (2250 turns).

karf the Shield-Bearer (Formicid Fighter)           Turns: 2250, Time: 00:06:41

Health: 0/49       AC:  6    Str: 20 (22) XL:     6   Next: 43%
Magic:  6/6        EV: 13    Int: 12 (13) God:    Dithmenos [*.....]
Gold:   94         SH: 10    Dex: 13 (15) Spells: 5/5 levels left

rFire    . . .     SeeInvis +   a - +0 quarterstaff
rCold    . . .     Gourm    .   c - +0 shield
rNeg     . . .     Faith    .   b - +0 scale mail
rPois    .         Spirit   .   (helmet unavailable)
rElec    .         Reflect  .   (no cloak)
rCorr    .         Harm     .   (no gloves)
MR       .....                  (no boots)
Stlth    ++........             (no amulet)
HPRegen  0.16/turn              (no ring)
MPRegen  0.10/turn              (no ring)

@: brilliant, agile, wreathed by umbra
A: permanent stasis, dig shafts and tunnels, four strong arms, antennae 3
a: Dig, Shaft Self, Renounce Religion


You were on level 4 of the Dungeon.
You worshipped Dithmenos.
Dithmenos was aware of your devotion.
You were not hungry.

You visited 1 branch of the dungeon, and saw 4 of its levels.

You collected 94 gold pieces.

Inventory:

Hand Weapons
 a - a +0 quarterstaff (weapon)
Armour
 b - a +0 scale mail (worn)
 c - a +0 shield (worn)
Scrolls
 e - 2 scrolls of teleportation {unknown}
Potions
 d - a potion of ambrosia
 l - a potion of degeneration
 m - 3 potions of brilliance
 n - a potion of berserk rage {unknown}
 o - a potion of magic {unknown}
 q - a potion of haste {unknown}
 r - 2 potions of curing
 s - a potion of flight {unknown}
 t - a potion of heal wounds {unknown}
 v - a potion of lignification {unknown}
Comestibles
 f - 2 bread rations
 g - 2 royal jellies
 i - 3 fruits
 p - 3 meat rations


   Skills:
 + Level 4.5 Fighting
 + Level 3.3 Staves
 - Level 3.3 Armour
 + Level 2.2 Stealth
 * Level 6.0 Shields


You had 5 spell levels left.
You didn't know any spells.

Dungeon Overview and Level Annotations

Branches:
Dungeon (4/15)             Temple (0/1) D:4

Altars:
Ashenzari
Dithmenos
Hepliaklqana
Ru

Annotations:
D:4 Eustachio


Innate Abilities, Weirdness & Mutations

You cannot be hasted, slowed, berserked, paralysed or teleported.
You can dig through walls and to a lower floor.
Your four strong arms can wield two-handed weapons with a shield.
You have a pair of large antennae on your head. (SInv)


Message History

The orc wizard misses you.
Eustachio asks, "How can you live without manners, virtues and honour?"
Eustachio casts a spell.
Eustachio blinks!
The river rat misses you. The orc wizard misses you.
You hit the orc wizard.
The orc wizard is almost dead.
You block the orc wizard's attack.
Eustachio mumbles some strange words.
Eustachio blinks!
You block the river rat's attack.
The orc wizard hits you but does no damage.
You barely miss the orc wizard.
The orc wizard is almost dead.
The orc wizard hits you but does no damage.
You block the river rat's attack.
You barely miss the orc wizard.
The orc wizard is almost dead.
The orc wizard misses you. The river rat closely misses you.
The orc wizard casts a spell at you. The puff of frost hits you!
You die... .. .. #. ## #. .# #.#.# #+# ooo

#.# #o# #.# #@#
###.####### #r#
#.........# #r#
###.....###.# #.#
..#......##.####.#
...............@.#
..#.........######
..###.####### ..#
#.#


You could see Eustachio, an orc priest, an orc wizard, a river rat, 2 orcs and a
quokka.

Vanquished Creatures
  The ghost of cedi the Chiller, an amateur DrIE (D:3)
  Jessica (D:3)
  An orc wizard (D:3)
  3 gnolls
  4 adders
  3 worms
  2 dart slugs
  2 leopard geckos
  An orc (D:3)
  8 goblins
  10 hobgoblins
  2 jackals (D:1)
  A ball python (D:2)
  2 bats (D:1)
  2 frilled lizards
  7 kobolds
  5 rats
55 creatures vanquished.

Notes
Turn   | Place    | Note
-------+----------+-------------------------------------------
     0 | D:1      | karf the Formicid Fighter began the quest for the Orb.
     0 | D:1      | Reached XP level 1. HP: 18/18 MP: 1/1
   228 | D:1      | Reached skill level 4 in Shields
   228 | D:1      | Reached XP level 2. HP: 20/24 MP: 2/2
   409 | D:1      | Reached XP level 3. HP: 27/29 MP: 3/3
   672 | D:2      | Found a shadowy altar of Dithmenos.
   685 | D:2      | Became a worshipper of Dithmenos the Shadowed
   834 | D:2      | Reached XP level 4. HP: 33/37 MP: 4/4
  1212 | D:2      | Found a hazy altar of Hepliaklqana.
  1478 | D:3      | Found a shattered altar of Ashenzari.
  1550 | D:3      | Reached skill level 5 in Shields
  1554 | D:3      | Noticed cedi's ghost (amateur DrIE)
  1572 | D:3      | Killed cedi's ghost
  1572 | D:3      | Reached skill level 1 in Stealth
  1572 | D:3      | Reached XP level 5. HP: 9/42 MP: 5/5
  1834 | D:3      | Found a faded altar of an unknown god.
  1863 | D:3      | Found a sacrificial altar of Ru.
  1883 | D:3      | Reached XP level 6. HP: 44/49 MP: 6/6
  1991 | D:3      | Noticed Jessica
  2002 | D:3      | Killed Jessica
  2097 | D:3      | Reached skill level 6 in Shields
  2185 | D:4      | Reached * piety under Dithmenos
  2192 | D:4      | Found a staircase to the Ecumenical Temple.
  2223 | D:4      | Noticed Eustachio
  2250 | D:4      | Killed from afar by an orc wizard

Vault maps used:
D:1:      doesnt_arrival_eight_statues, grunt_decor_arrowhead,
          minmay_tetromino_i2
D:2:      marbit_many_paths, nicolae_dithmenos_shadow_blocks, first_bread
D:3:      nicolae_ru_great_annihilating_truth, lemuel_crystal_altar,
          chequers_ecumenical_altar_island, uniq_jessica
D:4:      nicolae_overflow_hidden_temple, fedhas_altar_1,
          minmay_temple_entry_enclosed_plants, uniq_robin, uniq_ijyb,
          uniq_eustachio

Skill      XL: |  1  2  3  4  5  6 |
---------------+-------------------+-----
Shields        | 4 5 6 |  6.0
Fighting       | 4 |  4.5
Staves         | 3 |  3.3
Stealth        | 1 2 |  2.2
Armour         | |  3.3

Action                   |  1- 3 |  4- 6 || total
-------------------------+-------+-------++-------
Melee: Quarterstaff      |   117 |   132 ||   249
  Use: Potion            |       |     5 ||     5
       Scroll            |       |     3 ||     3
 Stab: Paralysed         |       |     1 ||     1
  Eat: Chunk             |       |     5 ||     5
Armor: Scale mail        |    40 |    29 ||    69
Dodge: Dodged            |    39 |    45 ||    84
Block: Shield            |    72 |    72 ||   144

Table legend:
 A = Spawn XP
 B = Non-spawn XP
 C = Spawn XP percentage of total XP
 D = Spawn monster count
 E = Non-spawn monster count
 F = Spawn count percentage of total count
 G = Total turns spent on level
                    A         B        C        D         E        F      G
               +---------+---------+-------+---------+---------+-------+---------
         Total |       0 |     377 |   0.0 |       0 |      55 |   0.0 |  2250
               +---------+---------+-------+---------+---------+-------+---------
           D:1 |       0 |      35 |   0.0 |       0 |      19 |   0.0 |   562
           D:2 |       0 |      68 |   0.0 |       0 |      17 |   0.0 |   834
           D:3 |       0 |     244 |   0.0 |       0 |      17 |   0.0 |   781
           D:4 |       0 |      30 |   0.0 |       0 |       2 |   0.0 |    73
               +---------+---------+-------+---------+---------+-------+---------
